 Dungeon Crawl Stone Soup version 0.31-a0-234-gad7ace16ef (webtiles) character file.

Game seed: 9769288251524112032

7433 qw the Skirmisher (level 10, -9/91 HPs)
             Began as a Minotaur Hexslinger on July 9, 2023.
             Was a Believer of Okawaru.
             Mangled by Maggie
             ... wielding a +0 glaive of flaming
              (13 damage)
             ... on level 10 of the Dungeon.
             The game lasted 00:04:03 (9615 turns).

qw the Skirmisher (Minotaur Hexslinger)             Turns: 9615, Time: 00:04:03

Health: -9/91      AC: 18    Str: 14      XL:     10   Next: 93%
Magic:  1/12       EV: 19    Int:  8 (10) God:    Okawaru [**....]
Gold:   407        SH:  0    Dex: 22      Spells: 10/11 levels left

rFire   . . .        a - +0 orcbow
rCold   . . .        (shield currently unavailable)
rNeg    . . .        k - +4 ring mail
rPois   .            o - +2 hat
rElec   .            (no cloak)
rCorr   .            l - +0 pair of gloves
SInv    .            (no boots)
Will    .....        (no amulet)
Stlth   +++          d - +6 ring of dexterity
HPRegen 0.35/turn    m - +4 ring of protection
MPRegen 0.13/turn

%: no passive effects
@: heroic
A: horns 2, retaliatory headbutt
a: Renounce Religion, Heroism


You were on level 10 of the Dungeon.
You worshipped Okawaru.
Okawaru was pleased with you.
You visited 2 branches of the dungeon, and saw 11 of its levels.

You collected 589 gold pieces.
You spent 182 gold pieces at shops.


Innate Abilities, Weirdness & Mutations

You have a pair of horns on your head.
You reflexively headbutt those who attack you in melee.


   Skills:
 - Level 9.0(14.0) Fighting
 - Level 14.0(19.0) Ranged Weapons
 - Level 4.2(9.2) Armour
 + Level 6.7(11.7) Dodging
 - Level 1.0 Spellcasting
 - Level 2.0 Hexes
 - Level 4.0 Invocations


You had 10 spell levels left.
You knew the following spells:

 Your Spells              Type           Power      Damage    Failure   Level
a - Slow                  Hex            12%        N/A       30%         1

Your spell library contained the following spells:

 Spells                   Type           Power      Damage    Failure   Level
 Inner Flame              Hex/Fire       2%         N/A       80%         3
 Portal Projectile        Hex/Tloc       4%         N/A       80%         3
 Cause Fear               Hex            1%         N/A       97%         4

Inventory:

Hand Weapons
 a - a +0 orcbow (weapon)
Armour
 k - a +4 ring mail (worn)
 l - a +0 pair of gloves (worn)
 o - a +2 hat (worn)
Jewellery
 d - a +6 ring of dexterity (left hand)
 m - a +4 ring of protection (right hand)
Scrolls
 b - 2 scrolls of identify
Potions
 c - 2 potions of cancellation
 e - a potion of curing
 g - 2 potions of enlightenment
 h - a potion of haste
 i - a potion of mutation {unknown}
 j - a potion of attraction {unknown}

Dungeon Overview and Level Annotations

Branches:
Dungeon (10/15)            Temple (1/1) D:5
   Lair: D:8-11         Orc: D:9-12

Altars:
Ashenzari
Cheibriados
Dithmenos
Elyvilon
Fedhas
Gozag
Hepliaklqana
Kikubaaqudgha
Makhleb
Nemelex Xobeh
Okawaru
Qazlal
Ru
Sif Muna
Trog
Uskayaw
Vehumet
Wu Jian
Xom
Yredelemnul
Zin
The Shining One

Shops:
D:4 *   D:6 *

Annotations:
D:10 exclusion: orange crystal statue, Maggie


Message History

The vampire mosquito draws strength from your injuries!
You shoot an arrow. The arrow hits the vampire mosquito!!
The vampire mosquito is almost destroyed.
The vampire mosquito closely misses you.
The vampire mosquito barely misses you. x2
You shoot an arrow.
The arrow hits the vampire mosquito but does no damage.
The vampire mosquito is almost destroyed.
The vampire mosquito bites you but does no damage.
The vampire mosquito misses you. You furiously retaliate!
You headbutt the vampire mosquito!
You destroy the vampire mosquito!
Okawaru accepts your kill. The vampire mosquito barely misses you.
You shoot an arrow. The arrow hits the vampire mosquito.
The vampire mosquito is moderately damaged.
The vampire mosquito bites you but does no damage.
You shoot an arrow. The arrow misses the vampire mosquito.
The vampire mosquito bites you.
The vampire mosquito draws strength from your injuries!
Maggie misses you.
The vampire mosquito bites you but does no damage.
You shoot an arrow. The arrow hits the vampire mosquito!!
You destroy the vampire mosquito!
Okawaru accepts your kill. Maggie gestures at you while chanting.
The bolt of fire misses you.
You shoot an arrow. The arrow hits Maggie!
Maggie is moderately wounded.
Maggie mumbles some strange words.
Maggie attempts to bespell you! You resist with some effort.
You shoot an arrow. The arrow hits Maggie!!
Maggie is severely wounded.
You shoot an arrow.
The arrow hits Maggie but does no damage.
Maggie is severely wounded.
Maggie closely misses you.
You shoot an arrow. The arrow barely misses Maggie.
Maggie hits you from afar with a +0 glaive of flaming!
You die...

....##........#..#
...###........#..#
#8.8 ...#............#
#8...
...........#.##.8..$.
............#.# ...?8[
..#..<....######.8..?.
..#####..#####...#8...
##)%).##.....#8.8
#.......)@.......
#........%.######
#.......@..#
#.#........#
...##.#..#...# #...
#...##..## ##.
......### ......#


You could see Maggie.

Vanquished Creatures
  A two-headed ogre (D:9)
  3 trolls
  A hornet (D:9)
  2 wraiths (D:10)
  12 yaks
  5 vampire mosquitoes
  A water moccasin (D:5)
  3 orc warriors
  An ogre (D:6)
  3 kobold brigands
  2 phantoms
  3 bullfrogs
  A gnoll sergeant (D:9)
  5 scorpions
  7 wights
  13 killer bees
  A howler monkey (D:6)
  3 jellies
  A hound (D:5)
  5 orc priests
  2 gnoll boudas
  Terence (D:2)
  A sleepcap (D:6)
  3 iguanas
  6 orc wizards
  11 gnolls
  10 adders
  3 white imps (D:6)
  2 ufetubi
  2 worms (D:5)
  2 dart slugs
  44 orcs
  3 endoplasms
  2 giant cockroaches (D:3)
  8 goblins
  6 hobgoblins
  4 jackals
  5 quokkas
  5 ball pythons
  4 bats
  4 frilled lizards
  20 kobolds
  7 rats
228 creatures vanquished.

Notes
Turn   | Place    | Note
-------+----------+-------------------------------------------
     0 | D:1      | qw the Minotaur Hexslinger began the quest for the Orb.
     0 | D:1      | Reached XP level 1. HP: 16/16 MP: 1/1
     0 | D:1      | 0 ||| qw: Version: 0.3-a-51-g015441d
     0 | D:1      | 0 ||| qw: Game counter: 4133
     0 | D:1      | 0 ||| qw: Melee chars always use a shield: true
     0 | D:1      | 0 ||| qw: God list: Okawaru
     0 | D:1      | 0 ||| qw: Allow faded altars: false
     0 | D:1      | 0 ||| qw: Do Orc after clearing Dungeon:15 true
     0 | D:1      | 0 ||| qw: Do second Lair branch before Depths: true
     0 | D:1      | 0 ||| qw: Lair rune preference: random
     0 | D:1      | 0 ||| qw: Goals: Normal
     0 | D:1      | 0 ||| PLANNING D:1-11
   116 | D:1      | Reached skill level 3 in Ranged Weapons
   151 | D:1      | Reached XP level 2. HP: 23/23 MP: 2/2
   529 | D:1      | 529 ||| UPGRADING to +0 leather armour.
   539 | D:1      | 539 ||| DROPPING +0 robe.
   540 | D:1      | 540 ||| UPGRADING to +6 ring of dexterity.
   541 | D:1      | 541 ||| READING scroll labelled QAAWUTS ICRAYGE.
   542 | D:1      | 542 ||| READING scroll labelled BOIWEY RAODD.
   643 | D:1      | 643 ||| READING scroll labelled HOHAYF XORO.
   644 | D:1      | 644 ||| READING scroll labelled POUTENIYFF.
   645 | D:1      | 645 ||| DROPPING scroll of poison.
   698 | D:2      | Noticed Terence
   710 | D:2      | Killed Terence
   711 | D:2      | Reached skill level 3 in Fighting
   711 | D:2      | Reached XP level 3. HP: 12/31 MP: 3/3
  1071 | D:2      | 1071 ||| READING scroll labelled MIONGY YLYMA.
  1072 | D:2      | 1072 ||| READING scroll labelled ALOJAKHLYNUL.
  1077 | D:2      | 1077 ||| READING scroll labelled ZOSE CUAGEN.
  1078 | D:2      | 1078 ||| READING scroll labelled YFACUH QYNKARO.
  1079 | D:2      | 1079 ||| READING scroll labelled BIPSE USUGOINT.
  1162 | D:3      | Reached XP level 4. HP: 38/38 MP: 4/4
  1234 | D:3      | Found a sacrificial altar of Ru.
  1250 | D:3      | Reached skill level 4 in Ranged Weapons
  1971 | D:3      | 1971 ||| DRINKING 2 fizzy orange potions.
  2035 | D:4      | Noticed a scorpion
  2046 | D:4      | Killed a scorpion
  2047 | D:4      | Reached skill level 5 in Ranged Weapons
  2047 | D:4      | Reached XP level 5. HP: 19/45 MP: 5/5
  2053 | D:4      | HP: 11/45 [poisoned by a scorpion]
  2204 | D:4      | Reached skill level 6 in Ranged Weapons
  2211 | D:4      | Found Wobri's Mass Market.
  2380 | D:4      | Reached XP level 6. HP: 19/53 MP: 6/6
  2567 | D:4      | 2567 ||| UPGRADING to +0 ring mail.
  2577 | D:4      | 2577 ||| DROPPING +0 leather armour.
  2578 | D:4      | 2578 ||| UPGRADING to +2 hat.
  2583 | D:4      | 2583 ||| UPGRADING to +4 ring of protection.
  2584 | D:4      | 2584 ||| READING scroll labelled HOOSOS WAWKUI.
  2585 | D:4      | 2585 ||| DRINKING 2 murky dark potions.
  2586 | D:4      | 2586 ||| DRINKING 2 golden potions.
  2587 | D:4      | 2587 ||| DROPPING potion of degeneration.
  2588 | D:4      | 2588 ||| DROPPING potion of magic.
  2614 | D:5      | Entered Level 5 of the Dungeon
  2697 | D:5      | Reached skill level 1 in Armour
  2784 | D:5      | Found a staircase to the Ecumenical Temple.
  2785 | D:5      | 2785 ||| PLANNING TEMPLE
  2785 | D:5      | 2785 ||| DRINKING 2 coppery potions.
  2786 | D:5      | 2786 ||| DROPPING potion of brilliance.
  2830 | Temple   | Entered the Ecumenical Temple
  2831 | Temple   | 2831 ||| PLANNING OKAWARU WORSHIP
  3001 | Temple   | Became a worshipper of Warmaster Okawaru
  3002 | Temple   | 3002 ||| PLANNING D:1-11
  3021 | D:5      | Noticed a water moccasin
  3038 | D:5      | Killed a water moccasin
  3039 | D:5      | Reached skill level 7 in Ranged Weapons
  3179 | D:5      | Found a stormy altar of Qazlal.
  3260 | D:5      | Reached XP level 7. HP: 60/60 MP: 7/7
  3461 | D:5      | Reached skill level 3 in Dodging
  3660 | D:5      | 3660 ||| READING scroll labelled WYARE WEOWAM.
  3661 | D:5      | 3661 ||| READING 4 scrolls of identify.
  3661 | D:5      | 3661 ||| IDENTIFYING clear potion
  3662 | D:5      | 3662 ||| READING 3 scrolls of identify.
  3662 | D:5      | 3662 ||| IDENTIFYING murky pink potion
  3663 | D:5      | 3663 ||| READING 2 scrolls of identify.
  3663 | D:5      | 3663 ||| IDENTIFYING brown potion
  3664 | D:5      | 3664 ||| DROPPING potion of lignification.
  3665 | D:5      | 3665 ||| DROPPING potion of invisibility.
  3724 | D:6      | Noticed a +0 hand axe
  3726 | D:6      | Noticed a +0 dagger
  3747 | D:6      | Found a hide-covered altar of Uskayaw.
  3964 | D:6      | Reached skill level 8 in Ranged Weapons
  3996 | D:6      | Reached * piety under Okawaru
  4077 | D:6      | 4077 ||| FLEEEEING.
  4078 | D:6      | 4078 ||| FLEEEEING.
  4079 | D:6      | 4079 ||| FLEEEEING.
  4080 | D:6      | 4080 ||| FLEEEEING.
  4081 | D:6      | 4081 ||| FLEEEEING.
  4289 | D:6      | Reached skill level 1 in Invocations
  4526 | D:6      | Found Itunkicu's General Store.
  4540 | D:6      | 4540 ||| BUYING potion of curing (42 gold).
  4540 | D:6      | Bought a potion of curing for 42 gold pieces
  4540 | D:6      | 4540 ||| BUYING potion of haste (140 gold).
  4540 | D:6      | Bought a potion of haste for 140 gold pieces
  4540 | D:6      | 4540 ||| SHOPLISTING ring of Vanity {+Blink rPois Will+
                  | Str+6} (837 gold, have 205).
  4578 | D:6      | 4578 ||| INVOKING Heroism.
  4586 | D:6      | Reached XP level 8. HP: 50/68 MP: 5/8
  4711 | D:7      | 4711 ||| STAIRDANCE
  4713 | D:6      | 4713 ||| INVOKING Heroism.
  4808 | D:7      | 4808 ||| STAIRDANCE
  4818 | D:6      | Reached skill level 3 in Invocations
  4857 | D:7      | 4857 ||| STAIRDANCE
  4887 | D:7      | 4887 ||| STAIRDANCE
  4930 | D:7      | 4930 ||| STAIRDANCE
  5028 | D:7      | 5028 ||| STAIRDANCE
  5075 | D:7      | 5075 ||| STAIRDANCE
  5114 | D:7      | 5114 ||| STAIRDANCE
  5151 | D:7      | 5151 ||| STAIRDANCE
  5184 | D:7      | 5184 ||| STAIRDANCE
  5384 | D:7      | Reached skill level 9 in Ranged Weapons
  5460 | D:7      | Found a flagged portal.
  5509 | D:7      | 5509 ||| INVOKING Heroism.
  5618 | D:7      | Reached skill level 3 in Armour
  5660 | D:7      | 5660 ||| INVOKING Heroism.
  5675 | D:7      | 5675 ||| INVOKING Heroism.
  5914 | D:7      | 5914 ||| Stepping ~*~*~tactically~*~*~ (outnumbered).
  5916 | D:7      | 5916 ||| Stepping ~*~*~tactically~*~*~ (outnumbered).
  5921 | D:7      | 5921 ||| INVOKING Heroism.
  5923 | D:7      | Reached skill level 6 in Fighting
  6195 | D:7      | 6195 ||| INVOKING Heroism.
  6200 | D:7      | Reached skill level 10 in Ranged Weapons
  6279 | D:7      | Found a glowing golden altar of the Shining One.
  6478 | D:7      | 6478 ||| READING scroll labelled UPSOAWKYOL.
  6523 | D:8      | 6523 ||| Stepping ~*~*~tactically~*~*~ (outnumbered).
  6540 | D:8      | Reached XP level 9. HP: 66/75 MP: 11/11
  6642 | D:8      | 6642 ||| INVOKING Heroism.
  6993 | D:8      | 6993 ||| INVOKING Heroism.
  7005 | D:8      | Reached ** piety under Okawaru
  7006 | D:8      | 7006 ||| FLEEEEING.
  7013 | D:8      | 7013 ||| INVOKING Heroism.
  7290 | D:8      | Reached skill level 11 in Ranged Weapons
  7323 | D:8      | 7323 ||| INVOKING Heroism.
  7580 | D:8      | 7580 ||| UPGRADING to +4 ring mail.
  7590 | D:8      | 7590 ||| DROPPING +0 ring mail.
  7591 | D:8      | 7591 ||| READING 2 scrolls of identify.
  7591 | D:8      | 7591 ||| IDENTIFYING metallic green potion
  7593 | D:9      | Noticed a troll
  7594 | D:9      | 7594 ||| INVOKING Heroism.
  7602 | D:9      | Killed a troll
  7607 | D:9      | 7607 ||| STAIRDANCE
  7889 | D:9      | Noticed a two-headed ogre
  7890 | D:9      | 7890 ||| INVOKING Heroism.
  7900 | D:9      | HP: 7/79 [two-headed ogre/+0 giant spiked club (27)]
  7901 | D:9      | 7901 ||| READING scroll of teleportation.
  7902 | D:9      | 7902 ||| DRINKING 3 potions of heal wounds.
  7903 | D:9      | 7903 ||| DRINKING 2 potions of heal wounds.
  7904 | D:9      | Killed a two-headed ogre
  7905 | D:9      | Reached skill level 12 in Ranged Weapons
  7905 | D:9      | Reached XP level 10. HP: 50/86 MP: 10/12
  8126 | D:9      | 8126 ||| INVOKING Heroism.
  8264 | D:9      | 8264 ||| INVOKING Heroism.
  8441 | D:9      | Identified the +3 flail "Qianen" {elec, rF+ Int+4}
  8466 | D:9      | Reached skill level 6 in Dodging
  8471 | D:9      | 8471 ||| INVOKING Heroism.
  8547 | D:9      | 8547 ||| INVOKING Heroism.
  8580 | D:9      | 8580 ||| INVOKING Heroism.
  8595 | D:9      | Reached skill level 13 in Ranged Weapons
  8747 | D:9      | Found an ornate altar of the Wu Jian Council.
  8751 | D:9      | Found a radiant altar of Vehumet.
  9020 | D:9      | 9020 ||| UPGRADING to +0 pair of gloves.
  9025 | D:9      | 9025 ||| READING scroll labelled ETHITH HECHETUOK.
  9059 | D:10     | Entered Level 10 of the Dungeon
  9196 | D:10     | 9196 ||| INVOKING Heroism.
  9214 | D:10     | Reached skill level 9 in Fighting
  9338 | D:10     | 9338 ||| INVOKING Heroism.
  9437 | D:10     | 9437 ||| INVOKING Heroism.
  9469 | D:10     | Found a glowing silver altar of Zin.
  9508 | D:10     | 9508 ||| INVOKING Heroism.
  9523 | D:10     | Reached skill level 14 in Ranged Weapons
  9548 | D:10     | Noticed an orange crystal statue
  9549 | D:10     | 9549 ||| SWAPPING to +0 orcbow.
  9550 | D:10     | 9550 ||| INVOKING Heroism.
  9559 | D:10     | Noticed a two-headed ogre
  9562 | D:10     | 9562 ||| DRINKING 2 potions of curing.
  9562 | D:10     | 9562 ||| (to cure confusion)
  9564 | D:10     | Noticed a two-headed ogre
  9587 | D:10     | 9587 ||| DROPPING +2 sling.
  9594 | D:10     | HP: 19/91 [yak[an orange crystal statue] (13)]
  9595 | D:10     | 9595 ||| DRINKING potion of heal wounds.
  9602 | D:10     | HP: 22/91 [vampire mosquito (5)]
  9603 | D:10     | 9603 ||| INVOKING Heroism.
  9603 | D:10     | Noticed Maggie
  9604 | D:10     | HP: 10/91 [vampire mosquito (8)]
  9606 | D:10     | HP: 2/91 [vampire mosquito (5)]
  9615 | D:10     | Mangled by Maggie

Levels and vault maps discovered:
D:1:      eino_arrival_water_star, layout_rooms, amethyst_killhole,
          chequers_serial_rivers_large_a, minmay_misc_feat_five
D:2:      layout_basic, serial_glass, glass_columns_c, glass_columns_a,
          uniq_terence
D:3:      layout_loops_corners, overflow_temple_1_default
D:4:      layout_gridville, minmay_fountain_box, minmay_shop_mass
D:5:      layout_gridville, grunt_qazlal_clouds, minmay_temple_entry_wispy,
          chequers_serial_rivers_small_a, minmay_statues_item
D:6:      layout_loops_corners, dancing_weapons_uskayaw, serial_shops,
          nicolae_shop_trees
D:7:      layout_loops_corners, mainiacjoe_overflow_tiny_flanked,
          enter_bailey_5, serial_aquarium, aquarium_bridge_straight
          [aquarium_subvault_bridge, aquarium_subvault_window,
          aquarium_subvault_bridge, aquarium_subvault_wall], aquarium_window_3,
          aquarium_window_fake, aquarium_window_fake, aquarium_view_2g,
          aquarium_view_2e, aquarium_pool_1
D:8:      layout_rooms, chequers_serial_rivers_micro_c
D:9:      layout_cave_pods, chequers_temple_overflow_statue_of_worship
D:10:     layout_cave_pools, zin_academy, minmay_statue_bubble, uniq_maggie
Temple:   nicolae_temple_bog_church

Skill      XL: |  1  2  3  4  5  6  7  8  9 10 |
---------------+-------------------------------+-----
Ranged Weapons | 3 5 6 7 8 10 12 14 | 14.0
Fighting       | 3 4 5 6 7 9 |  9.0
Armour         | 1 3 4 |  4.2
Dodging        | 3 5 6 |  6.7
Invocations    | 2 4 |  4.0
Spellcasting   | |  1.0
Hexes          | |  2.0

Action                     |  1- 3 |  4- 6 |  7- 9 | 10-12 || total
---------------------------+-------+-------+-------+-------++-------
   Fire: Sling             |    80 |   161 |   479 |   212 ||   932
         Orcbow            |       |       |       |    60 ||    60
 Invoke: Heroism           |       |       |    13 |    11 ||    24
    Use: Scroll            |     9 |     1 |     7 |     1 ||    18
         Potion            |       |     4 |     2 |     2 ||     8
 Armour: Leather armour    |    13 |     7 |       |       ||    20
         Ring mail         |       |    22 |   150 |    91 ||   263
  Dodge: Dodged            |    20 |    31 |   218 |   175 ||   444

Table legend:
 A = Non-vault XP
 B = Vault XP
 C = Vault XP percentage of total XP
 D = Non-vault monster count
 E = Vault monster count
 F = Vault count percentage of total count
                 A         B        C        D         E       F
            +---------+---------+-------+---------+---------+-------
      Total |   10574 |      45 |   0.4 |     223 |       5 |   2.2
            +---------+---------+-------+---------+---------+-------
        D:1 |      20 |       0 |   0.0 |      16 |       0 |   0.0
        D:2 |      32 |      38 |  54.3 |      14 |       1 |   6.7
        D:3 |      65 |       0 |   0.0 |      20 |       0 |   0.0
        D:4 |     287 |       0 |   0.0 |      22 |       0 |   0.0
        D:5 |     438 |       0 |   0.0 |      22 |       0 |   0.0
        D:6 |     744 |       0 |   0.0 |      26 |       0 |   0.0
        D:7 |    1091 |       7 |   0.6 |      24 |       4 |  14.3
        D:8 |    1719 |       0 |   0.0 |      29 |       0 |   0.0
        D:9 |    3301 |       0 |   0.0 |      31 |       0 |   0.0
       D:10 |    2877 |       0 |   0.0 |      19 |       0 |   0.0
            +---------+---------+-------+---------+---------+-------
